 Dungeon Crawl Stone Soup version 0.26-a0-712-ga5a9c9c9d0 (webtiles) character file.

Game seed: 9951993606895829207

415 kae the Changer (level 6, 0/51 HPs)
             Began as a Naga Transmuter on Nov 5, 2020.
             Succumbed to an orc's poison
             ... on level 4 of the Dungeon.
             The game lasted 00:04:00 (4407 turns).

kae the Changer (Naga Transmuter)                   Turns: 4407, Time: 00:04:01

Health: 0/51       AC:  2    Str: 14    XL:     6   Next: 92%
Magic:  9/10       EV: 15    Int: 14    God:
Gold:   267        SH:  0    Dex: 16    Spells: 8/12 levels left

rFire    . . .     SeeInvis +     - Unarmed
rCold    . . .     Faith    .   (shield currently unavailable)
rNeg     . . .     Spirit   .   (armour currently unavailable)
rPois    x         Reflect  .   (helmet currently unavailable)
rElec    .         Harm     .   (cloak currently unavailable)
rCorr    .         Rampage  .   (gloves currently unavailable)
MR       .....     Rnd*Tele +   (no barding)
Stlth    +.........             i - amulet of regeneration
HPRegen  0.57/turn              k - ring of teleportation (curse)
MPRegen  0.12/turn              l - -4 ring of evasion (curse)

@: lethally poisoned (0 -> -30), spider-form (expiring), stab
A: tiny, see invisible, low mp 1, spit poison 1, teleportitis 1, MP-powered
wands, AC +2
a: Spit Poison, End Transformation


You were on level 4 of the Dungeon.
You were a venomous arachnid creature.
You visited 1 branch of the dungeon, and saw 4 of its levels.

You collected 267 gold pieces.

Inventory:

Armour
 a - a +0 robe (melded)
Jewellery
 i - an amulet of regeneration (around neck)
 k - a cursed ring of teleportation (left front leg)
 l - a cursed -4 ring of evasion (right front leg)
 m - a cursed -4 ring of evasion
 s - an uncursed ring of fire {unknown}
 u - a +6 ring of strength {unknown}
Wands
 n - a wand of acid (10)
 o - a wand of iceblast (4)
Scrolls
 b - a scroll of enchant armour {unknown}
 d - a scroll of teleportation {unknown}
 e - 3 scrolls of identify
 f - a scroll of blinking
 h - 5 scrolls of amnesia
 p - a scroll of fog {unknown}
 q - a scroll of remove curse {unknown}
Potions
 g - a potion of brilliance
 r - a potion of stabbing


   Skills:
 - Level 1.0 Fighting
 - Level 1.5 Dodging
 + Level 4.2 Unarmed Combat
 * Level 3.5 Spellcasting
 * Level 4.4 Transmutations
 * Level 4.1 Poison Magic


You had 8 spell levels left.
You knew the following spells:

 Your Spells              Type           Power        Failure   Level
a - Beastly Appendage     Tmut           ##....       11%         1
b - Spider Form           Tmut/Pois      ##........   26%         3

Your spell library contained the following spells:

 Spells                   Type           Power        Failure   Level
 Wereblood                Tmut           ##......     14%         2
 Confusing Touch          Hex            #.......     73%         3
 Gell's Gravitas          Tloc           #.........   73%         3
 Ice Form                 Ice/Tmut       #.......     82%         4
 Petrify                  Tmut/Erth      #.......     82%         4
 Blade Hands              Tmut           ##........   85%         5
 Yara's Violent Unravell  Hex/Tmut       #.........   98%         5
 Metabolic Englaciation   Hex/Ice        #.........   100%        5


Dungeon Overview and Level Annotations

Branches:
Dungeon (4/15)
 Temple: D:4-7

Altars:
Fedhas
Kikubaaqudgha
Makhleb
Sif Muna
Wu Jian
Yredelemnul

Annotations:
D:2 2 transporters, exclusion: oklob plant


Innate Abilities, Weirdness & Mutations

You cannot wear boots.
((Your serpentine skin is tough. (AC +2)))
You have supernaturally acute eyesight. (SInv)
((Armour fits poorly on your strangely shaped body.))
((Your system is resistant to poisons. (rPois)))
((You cover ground very slowly.))
You can spit poison.
Your magical capacity is low. (-10% MP)
You are occasionally teleported next to monsters.
You expend magic power (3 MP) to strengthen your wands.


Message History

The orc priest is lightly wounded.
* * * LOW HITPOINT WARNING * * *
You feel sick. The orc priest misses you.
The orc hits you with a +2 hand axe of venom.
* * * LOW HITPOINT WARNING * * *
You are more poisoned.
Your transformation is almost over.
* * * LOW HITPOINT WARNING * * *
You feel very sick.
It was a potion of stabbing.
You feel ready to backstab.
* * * LOW HITPOINT WARNING * * *
You feel very sick.
You kill the orc priest!
The orc hits you with a +2 hand axe of venom.
* * * LOW HITPOINT WARNING * * *
It was a potion of mutation.
You feel extremely strange.
You feel weirdly uncertain.
You feel less energetic.
You feel your magical essence link to the dungeon's wands.
You die...

#..# #..# #..#
#..# #####.$#
#......#####.#
#.....)......#
#o# ###s#
##..##...#
#........#
..#).#...#
#......#
#.##...# #
#...# #...#
#...#


You could see an orc.

Vanquished Creatures
  A sky beast (D:3)
  A gnoll shaman (D:2)
  An orc priest (D:4)
  Terence (D:2)
  A worker ant (D:3)
  Robin (D:1)
  5 gnolls (D:2)
  3 adders (D:3)
  2 oozes
  3 worms
  2 dart slugs (D:1)
  A leopard gecko (D:1)
  12 orcs
  A giant cockroach (D:3)
  14 goblins
  14 hobgoblins
  6 jackals
  A quokka (D:2)
  2 ball pythons
  13 bats
  6 frilled lizards
  4 kobolds
  9 rats
104 creatures vanquished.

Vanquished Creatures (others)
  12 plants (D:3)
  12 toadstools (D:2)
24 creatures vanquished.

Grand Total: 128 creatures vanquished

Notes
Turn   | Place    | Note
-------+----------+-------------------------------------------
     0 | D:1      | kae the Naga Transmuter began the quest for the Orb.
     0 | D:1      | Reached XP level 1. HP: 18/18 MP: 3/3
   249 | D:1      | Reached XP level 2. HP: 25/25 MP: 3/5
   798 | D:1      | Reached XP level 3. HP: 18/31 MP: 4/6
   803 | D:1      | Learned a level 3 spell: Spider Form
  1700 | D:2      | Reached skill level 1 in Poison Magic
  1836 | D:2      | Noticed a phantom
  1839 | D:2      | Found a transporter.
  1840 | D:2      | Found a transporter.
  1844 | D:2      | Found a blossoming altar of Fedhas.
  1847 | D:2      | Noticed Robin
  1860 | D:2      | Reached XP level 4. HP: 37/38 MP: 3/7
  1872 | D:1      | Killed Robin
  2153 | D:2      | Found a blossoming altar of Fedhas.
  2164 | D:2      | Noticed an oklob plant
  2467 | D:2      | Reached XP level 5. HP: 17/44 MP: 4/8
  2670 | D:2      | Found a shimmering blue altar of Sif Muna.
  2870 | D:2      | Noticed Terence
  2884 | D:2      | Killed Terence
  3579 | D:3      | Noticed a sky beast
  3588 | D:3      | Killed a sky beast
  3588 | D:3      | Reached XP level 6. HP: 23/51 MP: 6/10
  4126 | D:3      | Found a faded altar of an unknown god.
  4126 | D:3      | Found an ancient bone altar of Kikubaaqudgha.
  4131 | D:3      | Found a basalt altar of Yredelemnul.
  4133 | D:3      | Found an ornate altar of the Wu Jian Council.
  4135 | D:3      | Found a burning altar of Makhleb.
  4407 | D:4      | Gained mutation: You are occasionally teleported next to
                  | monsters. [potion of mutation]
  4407 | D:4      | Gained mutation: Your magical capacity is low. (-10% MP)
                  | [potion of mutation]
  4407 | D:4      | Gained mutation: You expend magic power (3 MP) to
                  | strengthen your wands. [potion of mutation]
  4407 | D:4      | Succumbed to an orc's poison

Illustrated notes

Levels and vault maps discovered:
D:1:      dpeg_arrival_round_c, layout_loops_cross, minivault_24, minmay_vboxes
D:2:      layout_rooms, gammafunk_temple_overflow_arena,
          overflow_temple_1_default, tgw_fedhas, uniq_robin, uniq_terence
D:3:      layout_rooms, chequers_temple_overflow_minitemple, serial_bayou,
          serial_bayou_lake_a, serial_bayou_lagoon_a, serial_bayou_ford_a,
          serial_bayou_pond_e
D:4:      layout_rooms, tso_altar, cheibrodos_sewer_entry_drain,
          roderic_lattice_a, minmay_bisected

Skill      XL: |  1  2  3  4  5  6 |
---------------+-------------------+-----
Transmutations | 3 4 |  4.4
Poison Magic   | 1 2 3 4 |  4.1
Spellcasting   | 3 |  3.5
Unarmed Combat | 4 |  4.2
Fighting       | |  1.0
Dodging        | |  1.5

Action                   |  1- 3 |  4- 6 || total
-------------------------+-------+-------++-------
Melee: Unarmed           |    82 |   155 ||   237
       Headbutt          |     8 |     1 ||     9
       Punch             |       |     1 ||     1
 Cast: Beastly Appendage |    19 |     4 ||    23
       Spider Form       |     1 |    20 ||    21
 Abil: Spit Poison       |    23 |    17 ||    40
  Use: Scroll            |       |     7 ||     7
       Potion            |       |     6 ||     6
Armor: Robe              |    23 |    16 ||    39
       Skin              |       |    11 ||    11
Dodge: Dodged            |    65 |   163 ||   228

Table legend: (Time is in decaauts)
 A = Elapsed time spent in this place.
 B = Non-inter-level travel time spent in this place.
 C = Inter-level travel time spent in this place.
 D = Time resting spent in this place.
 E = Time spent auto-exploring this place.
 F = Levels seen in this place.
 G = Mean time per level.
                   A        B        C        D        E       F      G
               +--------+--------+--------+--------+--------+-----+--------+
         Total |   5136 |   4984 |    152 |    241 |   4057 |   4 | 1284.0 |
       Dungeon |   5136 |   4984 |    152 |    241 |   4057 |   4 | 1284.0 |
               +--------+--------+--------+--------+--------+-----+--------+

Top non-repeatable levels by time:
     D:1: 2117 daAuts
     D:2: 1788 daAuts
     D:3: 1212 daAuts
     D:4: 18 daAuts
